 Dungeon Crawl Stone Soup version 0.27-a0-393-gba1aca71f1 (webtiles) character file.

Game seed: 14942761900509095451

37 CryoSword the Grasshopper (level 3, 0/18 HPs)
             Began as a Vine Stalker Warper on Feb 20, 2021.
             Succumbed to an adder's poison
             ... on level 2 of the Dungeon.
             The game lasted 00:04:04 (1066 turns).

CryoSword the Grasshopper (Vine Stalker Warper)     Turns: 1066, Time: 00:04:04

Health: 0/18       AC:  3    Str: 13 (14) XL:     3   Next: 39%
Magic:  7/7        EV: 11    Int: 10 (13) God:
Gold:   16         SH:  0    Dex: 10 (13) Spells: 6/6 levels left

rFire    . . .     SeeInvis .   a - +0 short sword
rCold    . . .     Faith    .   (no shield)
rNeg     + . .     Spirit   +   b - +0 leather armour
rPois    .         Reflect  .   (no helmet)
rElec    .         Harm     .   (no cloak)
rCorr    .         Rampage  .   (no gloves)
Will     .....                  (no boots)
Stlth    +.........             (no amulet)
HPRegen  0.06/turn              k - ring of positive energy
MPRegen  0.10/turn              (no ring)

@: lethally poisoned (0 -> -5)
A: fangs 2, magic shield, antimagic bite, no potion heal 3
a: no special abilities


You were on level 2 of the Dungeon.
You visited 1 branch of the dungeon, and saw 2 of its levels.

You collected 16 gold pieces.

Inventory:

Hand Weapons
 a - a +0 short sword (weapon)
Missiles
 e - 5 boomerangs of dispersal (quivered) {!f}
Armour
 b - a +0 leather armour (worn)
Jewellery
 k - a ring of positive energy (left hand)
   (You found it on level 1 of the Dungeon)
Scrolls
 d - 2 scrolls of blinking
 h - a scroll of enchant armour {unknown}
 i - a scroll of amnesia {unknown}
 j - a scroll of identify {unknown}


   Skills:
 + Level 2.1 Fighting
 * Level 2.5 Short Blades
 - Level 0.8 Throwing
 - Level 0.7 Armour
 + Level 2.0 Dodging
 + Level 0.6 Stealth
 - Level 2.1 Spellcasting
 + Level 3.2 Translocations


You had 6 spell levels left.
You didn't know any spells.
Your spell library contained the following spells:

 Spells                   Type           Power        Failure   Level
 Blink                    Tloc           N/A          16%         2
 Gell's Gravitas          Tloc           3%           30%         3
 Lesser Beckoning         Tloc           3%           30%         3
 Teleport Other           Tloc           7%           30%         3
 Manifold Assault         Tloc           7%           71%         4


Dungeon Overview and Level Annotations

Branches:
Dungeon (2/15)

Altars:


Innate Abilities, Weirdness & Mutations

You have extremely sharp teeth.
When hurt, damage is shared between your health and your magic reserves.
Your bite disrupts and absorbs the magic of your enemies.
Potions cannot restore your health.


Message History

The bat closely misses you. The bat hits you. The bat completely misses you.
You closely miss the bat. The bat closely misses you.
You closely miss the bat. The bat barely misses you.
You hit the bat. Your bite misses the bat. The bat barely misses you.
You hit the bat.
You kill the bat!
You barely miss the ball python. You bite the ball python. You drain its power.
The ball python bites you but does no damage.
The ball python barely misses you.
You hit the ball python.
You kill the ball python!
You closely miss the kobold. The kobold closely misses you.
You hit the kobold but do no damage. You bite the kobold. You drain its power.
The kobold hits you but does no damage.
You closely miss the kobold. Your bite misses the kobold.
The kobold hits you with a +0 short sword.
You barely miss the kobold. Your bite misses the kobold.
The kobold barely misses you.
You closely miss the kobold. Your bite misses the kobold.
The kobold hits you with a +0 short sword.
You closely miss the kobold. The kobold closely misses you.
You closely miss the kobold. The kobold closely misses you.
You hit the kobold.
You kill the kobold!
You have reached level 3!
Your experience leads to an increase in your attributes!
Increase (S)trength, (I)ntelligence, or (D)exterity?
You feel stronger.
You hit the kobold but do no damage. You hit the kobold but do no damage.
The kobold hits you but does no damage.
You closely miss the kobold. Your bite misses the kobold.
The kobold barely misses you.
You hit the kobold. The kobold closely misses you.
You hit the kobold but do no damage. The kobold closely misses you.
You closely miss the kobold. The kobold closely misses you.
You hit the kobold.
You kill the kobold!
Things that are here:
a +0 club; a +0 short sword; a kobold corpse
Things that are here:
a +0 club; a +0 short sword; a kobold corpse You start resting.
You start resting.
Things that are here:
a +0 club; a +0 short sword; a kobold corpse
Found a leather armour.
i - a scroll labelled PONOL ROGI
Things that are here:
a +0 club; a +0 short sword; a kobold corpse A giant cockroach comes into view.
A giant cockroach is nearby!
A giant cockroach is nearby!
A frilled lizard comes into view.
The frilled lizard hisses angrily.
You barely miss the giant cockroach. You bite the giant cockroach.
You kill the giant cockroach!
You see here a giant cockroach corpse.
You closely miss the frilled lizard. The frilled lizard barely misses you.
You closely miss the frilled lizard. You bite the frilled lizard.
You kill the frilled lizard!
No target in view!
j - a scroll labelled ZENGA REROEGH A giant cockroach comes into view.
Found 13 gold pieces.
A giant cockroach is nearby!
A giant cockroach is nearby!
The giant cockroach barely misses you.
You hit the giant cockroach but do no damage.
You bite the giant cockroach, but do no damage.
The giant cockroach closely misses you.
You hit the giant cockroach but do no damage.
Your bite misses the giant cockroach.
The giant cockroach bites you but does no damage.
You hit the giant cockroach but do no damage.
You bite the giant cockroach. You drain its power.
The giant cockroach bites you.
You hit the giant cockroach.
The giant cockroach bites you but does no damage.
You barely miss the giant cockroach.
You bite the giant cockroach, but do no damage.
The giant cockroach bites you. x2
You hit the giant cockroach.
You kill the giant cockroach!
No target in view!
You see here a giant cockroach corpse.
You now have 16 gold pieces (gained 13).
d - 2 scrolls of blinking (gained 1)
k - a large jade ring
Found a stone staircase leading down.
Done exploring.
Done exploring.
Done exploring.
There is a stone staircase leading down here.
You climb downwards.
There is a stone staircase leading up here.
An adder comes into view.
An adder is nearby!
An adder is nearby!
The adder hisses angrily.
You hit the adder. Your bite misses the adder. The adder bites you.
You closely miss the adder. The adder bites you.
You are poisoned.
The adder poisons you!
It was a potion of heal wounds.
That seemed strangely inert.
You feel sick. The adder closely misses you.
Unknown command.
It was a potion of curing.
Your system rejects the healing.
You feel better. The adder bites you. The adder bites you but does no damage.
You barely miss the adder. Your bite misses the adder. The adder bites you.
* * * LOW HITPOINT WARNING * * *
You are poisoned.
The adder poisons you!
You hit the adder. You bite the adder. You drain its power.
You feel invigorated.
* * * LOW HITPOINT WARNING * * *
You feel sick. The adder barely misses you.
You barely miss the adder. Your bite misses the adder.
* * * LOW HITPOINT WARNING * * *
You feel sick. The adder bites you.
* * * LOW HITPOINT WARNING * * *
You are more poisoned.
The adder poisons you! The adder bites you but does no damage.
It was a potion of degeneration.
There was something very wrong with that liquid.
You feel weakened.
You feel dopey.
You feel clumsy. The adder bites you.
You hit the adder.
You kill the adder!
* * * LOW HITPOINT WARNING * * *
You feel sick.
Your Dodging skill increases to level 2!
* * * LOW HITPOINT WARNING * * *
You feel sick.
* * * LOW HITPOINT WARNING * * *
You feel sick.
* * * LOW HITPOINT WARNING * * *
You feel sick.
* * * LOW HITPOINT WARNING * * *
You feel sick.
* * * LOW HITPOINT WARNING * * *
You feel sick.
Okay, then.
You aren't carrying any potions.
Unknown command.
k - a ring of positive energy (left hand)
You die...

. ## #.####.
......
#...########.##
#...........#
#...@†......
#.#######..#
#.# #.# ##.#
#.<# ##.# ###


There were no monsters in sight!

Vanquished Creatures
  An adder (D:2)
  An ooze (D:1)
  3 giant cockroaches (D:1)
  A goblin (D:1)
  A hobgoblin (D:1)
  4 jackals (D:1)
  5 kobolds (D:1)
  A ball python (D:1)
  3 bats (D:1)
  3 frilled lizards (D:1)
  A rat (D:1)
24 creatures vanquished.

Vanquished Creatures (others)
  A plant (D:1)
1 creature vanquished.

Grand Total: 25 creatures vanquished

Notes
Turn   | Place    | Note
-------+----------+-------------------------------------------
     0 | D:1      | CryoSword the Vine Stalker Warper began the quest for the
                  | Orb.
     0 | D:1      | Reached XP level 1. HP: 11/11 MP: 4/4
   103 | D:1      | Reached XP level 2. HP: 5/15 MP: 6/6
   691 | D:1      | Reached XP level 3. HP: 11/18 MP: 4/7
  1066 | D:2      | Succumbed to an adder's poison

Illustrated notes

Levels and vault maps discovered:
D:1:      lightli_arrival_statuegarden, layout_rooms
D:2:      layout_loops_ring, elyvilon_altar_1

Skill      XL: |  1  2  3 |
---------------+----------+-----
Short Blades   | 2 |  2.5
Fighting       | 2 |  2.1
Dodging        | 2 |  2.0
Throwing       | |  0.8
Armour         | |  0.7
Stealth        | |  0.6
Spellcasting   | |  2.1
Translocations | |  3.2

Action                   || total
-------------------------++-------
Melee: Short sword       ||   101
       Bite              ||    23
  Use: Potion            ||     3
Armor: Leather armour    ||    31
Dodge: Dodged            ||    83

Table legend: (Time is in decaauts)
 A = Elapsed time spent in this place.
 B = Non-inter-level travel time spent in this place.
 C = Inter-level travel time spent in this place.
 D = Time resting spent in this place.
 E = Time spent auto-exploring this place.
 F = Levels seen in this place.
 G = Mean time per level.
                   A        B        C        D        E       F      G
               +--------+--------+--------+--------+--------+-----+--------+
         Total |   1064 |   1052 |     12 |    299 |    550 |   2 |  532.0 |
       Dungeon |   1064 |   1052 |     12 |    299 |    550 |   2 |  532.0 |
               +--------+--------+--------+--------+--------+-----+--------+

Top non-repeatable levels by time:
     D:1: 1038 daAuts
     D:2: 26 daAuts
